 Dungeon Crawl Stone Soup version 0.31-a0-435-g2c6fae2916 (webtiles) character file.

Game seed: 10566586433853844778

240 Ethylacetat the Insei (level 6, -5/41 HPs)
             Began as an Octopode Shapeshifter on Aug 1, 2023.
             Splashed by a jelly's acid (9 damage)
             ... on level 3 of the Dungeon.
             The game lasted 00:05:31 (3293 turns).

Ethylacetat the Insei (Octopode Shapeshifter)       Turns: 3293, Time: 00:05:33

Health: -5/41      AC:  1    Str: 14    XL:     6   Next: 8%
Magic:  6/6        EV: 11    Int: 10    God:
Gold:   156        SH:  0    Dex: 15    Spells: 5/5 levels left

rFire   . . .        e - +2 whip (venom)
rCold   . . .        (no shield)
rNeg    . . .        (helmet currently unavailable)
rPois   .            (no amulet)
rElec   .            q - ring of see invisible
rCorr   .            (no ring)
SInv    +            (no ring)
Will    .....        (no ring)
Stlth   ++           (no ring)
HPRegen 0.26/turn    (no ring)
MPRegen 0.10/turn    (no ring)
                     (no ring)

%: no passive effects
@: beast-form, constricted
A: beast (slay +2), almost no armour, amphibious, 8 rings, camouflage 1,
gelatinous body 1, (nimble swimmer 1), tentacles
a: Begin Untransformation


You were on level 3 of the Dungeon.
You were a hulking beast.
You visited 1 branch of the dungeon, and saw 4 of its levels.

You collected 180 gold pieces.
You spent 24 gold pieces at shops.

Inventory:

Hand Weapons
 e - a +2 whip of venom (weapon)
Armour
 r - a +2 hat
Jewellery
 q - a ring of see invisible (left tentacle)
Talismans
 b - a beast talisman (active)
Wands
 a - a wand of charming (9)
Scrolls
 c - 3 scrolls of enchant armour {unknown}
 f - a scroll of fear {unknown}
 g - a scroll of revelation {unknown}
 j - 2 scrolls of teleportation {unknown}
 k - 3 scrolls of identify
 l - a scroll of silence {unknown}
Potions
 d - a potion of heal wounds {unknown}
 h - 3 potions of degeneration {unknown}
 i - a potion of attraction {unknown}
 m - a potion of brilliance {unknown}
 n - a potion of invisibility {unknown}
 o - a potion of might {unknown}
 p - a potion of haste {unknown}


   Skills:
 + Level 2.9 Fighting
 - Level 3.2 Dodging
 + Level 4.1 Unarmed Combat
 * Level 4.0 Shapeshifting


You had 5 spell levels left.
You didn't know any spells.
Your spell library contained the following spells:

 Spells                   Type           Power      Damage    Failure   Level
 Apportation              Tloc           0%         N/A       36%         1
 Freeze                   Ice            0%         1d3       36%         1
 Necrotise                Necr           0%         1d4       36%         1
 Summon Small Mammal      Summ           0%         N/A       36%         1
 Ensorcelled Hibernation  Hex/Ice        0%         N/A       50%         2
 Passwall                 Tmut/Erth      0%         N/A       50%         2
 Frozen Ramparts          Ice            0%         1d1       75%         3
 Hailstorm                Conj/Ice       0%         3d3       75%         3
 Swiftness                Air            0%         N/A       75%         3


Dungeon Overview and Level Annotations

Branches:
Dungeon (4/15)
 Temple: D:4-7

Altars:
Yredelemnul

Shops:
D:2 :=   D:3 (:*


Innate Abilities, Weirdness & Mutations

You are a hulking beast.
Your limbs bulge with bestial killing power. (Slay +2)
You cannot wear most types of armour.
You are amphibious.
You can wear up to eight rings at the same time.
Your skin changes colour to match your surroundings (Stealth+).
Your rubbery body absorbs attacks. (AC +1, EV +1)
((You are camouflaged when in or above water. (Stealth+)))
You have tentacles for arms and can constrict up to eight enemies at once.


Message History

You constrict the jackal, but do no damage.
You kill the jackal!
The jackal closely misses you.
You miss the jackal. You grab the jackal. You constrict the jackal.
The jackal bites you but does no damage. x2
The giant cockroach waves its antennae.
You hit the jackal.
You kill the jackal!
You hit the giant cockroach.
The giant cockroach is poisoned.
You grab the giant cockroach.
You squeeze the giant cockroach, but do no damage.
The giant cockroach is moderately wounded.
You constrict the giant cockroach, but do no damage.
You kill the giant cockroach!
You hit the jelly.
Your tentacles burn!
The jelly is moderately wounded.
The jelly hits you.
You are splashed with acid!
The ball python misses you. The ball python completely misses you.
The jelly misses you.
The ball python bites you but does no damage.
The ball python barely misses you.
You climb upwards.
There is a stone staircase leading down here.
You hit the jelly.
Your tentacles burn!
The jelly is heavily wounded.
The ball python closely misses you. x2; The jelly hits you.
You are splashed with acid!
* * * LOW HITPOINT WARNING * * *
You barely miss the jelly.
The jelly is heavily wounded.
The ball python misses you. The ball python closely misses you.
The jelly misses you.
You whack the jelly!
Your tentacles burn!
* * * LOW HITPOINT WARNING * * *
The jelly is almost dead.
The ball python closely misses you. The ball python grabs you.
The ball python constricts you. The jelly hits you.
* * * LOW HITPOINT WARNING * * *
You are splashed with acid!
You die...

#.# #.#
#..........#..... #.#
#.# #..........######
#.# #.# #.....|....# #
#.# #.#
#..........###### #.#
#.######..........#.....
#.#
#....)....8.8.8.8.######
#.# #######.###########
# #.# #S# #..# # #.# #h#
#..# # #.# #J# #..# #
#.# #.## #..# #.# #..#
#..## #.# ##.# #...# #.#
##.#######.#.# #.#
#..........#.##### #.#
#..####....#....## #.#
#..# #.#######.##


You could see a jelly and a ball python.

Vanquished Creatures
  A scorpion (D:3)
  Ijyb (D:3)
  4 gnolls
  4 adders
  2 worms
  A dart slug (D:2)
  2 orcs (D:3)
  8 endoplasms
  3 giant cockroaches
  5 hobgoblins
  2 jackals (D:4)
  3 quokkas
  8 ball pythons
  5 bats
  3 frilled lizards
  9 goblins
  6 kobolds
  4 rats
71 creatures vanquished.

Notes
Turn   | Place    | Note
-------+----------+-------------------------------------------
     0 | D:1      | Ethylacetat the Octopode Shapeshifter began the quest for
                  | the Orb.
     0 | D:1      | Reached XP level 1. HP: 13/13 MP: 1/1
   104 | D:1      | Reached XP level 2. HP: 13/18 MP: 2/2
   613 | D:1      | Reached XP level 3. HP: 14/23 MP: 3/3
   731 | D:1      | Found a faded altar of an unknown god.
  1203 | D:2      | Found Hef Jeym's Jewellery Boutique.
  1370 | D:2      | Found a basalt altar of Yredelemnul.
  1477 | D:2      | Reached XP level 4. HP: 22/29 MP: 4/4
  1738 | D:2      | Found Kinleawu's Book Boutique.
  2271 | D:3      | Noticed a scorpion
  2281 | D:3      | Killed a scorpion
  2282 | D:3      | Reached XP level 5. HP: 33/35 MP: 5/5
  2511 | D:3      | Noticed Ijyb
  2541 | D:3      | Killed Ijyb
  2710 | D:3      | Found Ubrast's Weapon Shoppe.
  2933 | D:3      | Found Imiufraitu's Book Shoppe.
  3019 | D:3      | Found Vodech's General Store.
  3026 | D:3      | Bought a scroll of identify for 24 gold pieces
  3195 | D:3      | Reached XP level 6. HP: 21/41 MP: 6/6
  3293 | D:3      | Splashed by a jelly's acid

Illustrated notes

Levels and vault maps discovered:
D:1:      elethiomel_arrival_infinity_welcomes_careful_drivers, layout_rooms,
          serial_forest, infiniplex_forest_end_2, infiniplex_forest_end_1,
          infiniplex_forest_3_way, infiniplex_forest_corner_1,
          infiniplex_forest_clump_tiny, infiniplex_forest_lined_4_way,
          infiniplex_forest_straight_2, infiniplex_forest_end_1,
          shapermc_ecumenical_altar_mp_urbaneastern, grunt_decor_cap
D:2:      layout_loops_corners, serial_shops, shop, nicolae_shop_hallway_stairs,
          basic_altar
D:3:      kennysheep_the_goblin_king, layout_loops_ring, serial_shops, shop,
          shop, nicolae_shop_crystal
D:4:      layout_rooms, mainiacjoe_overflow_tiny_flanked, serial_shops,
          kennysheep_mini

Skill      XL: |  1  2  3  4  5 |
---------------+----------------+-----
Fighting       | 2 |  2.9
Dodging        | 3 |  3.2
Unarmed Combat | 4 |  4.1
Shapeshifting  | 4 |  4.0

Action                     |  1- 3 |  4- 6 || total
---------------------------+-------+-------++-------
  Melee: Unarmed           |    13 |       ||    13
         Constrict         |    13 |    17 ||    30
         Tentacles         |     9 |    11 ||    20
         Punch             |     4 |       ||     4
         Whip              |    52 |    82 ||   134
    Use: Potion            |       |     1 ||     1
   Stab: Sleeping          |     5 |     7 ||    12
 Armour: Skin              |     3 |    17 ||    20
  Dodge: Dodged            |    45 |    47 ||    92

Table legend: (Time is in decaauts)
 A = Elapsed time spent in this place.
 B = Non-inter-level travel time spent in this place.
 C = Inter-level travel time spent in this place.
 D = Time resting spent in this place.
 E = Time spent auto-exploring this place.
 F = Levels seen in this place.
 G = Mean time per level.
                   A        B        C        D        E       F      G
               +--------+--------+--------+--------+--------+-----+--------+
         Total |   3305 |   3140 |    165 |    226 |   2447 |   4 |  826.2 |
       Dungeon |   3305 |   3140 |    165 |    226 |   2447 |   4 |  826.2 |
               +--------+--------+--------+--------+--------+-----+--------+

Top non-repeatable levels by time:
     D:1: 1167 daAuts
     D:3: 1110 daAuts
     D:2: 1012 daAuts
     D:4: 15 daAuts
